[Event "Late Titled Tuesday Blitz February 8 2022"]
[White "Jaskolka, Tomasz"]
[Black "Rorrer, Grayson"]
[WhiteFideId "1170791"]
[BlackFideId "30944996"]
[WhiteElo "2054"]
[BlackElo "2122"]
[Result "0-1"]
[Round "07"]
[TimeControl "180+1"]
[Date "2022.02.09"]
[WhiteClock "0:00:19"]
[BlackClock "0:01:14"]

1. d4 Nf6 2. Bf4 e6 3. e3 c5 4. Nd2 cxd4 5. exd4 d6 6. Ngf3 Be7 7. Bd3 O-O 8. Qe2 Nbd7 9. c3 b6 10. O-O-O Bb7 11. h4 Qc8 12. Kb1 a6 13. Ng5 Re8 14. Ndf3 h6 15. Rde1 Bf8 16. Rh3 b5 17. Ne4 Nxe4 18. Bxe4 Bxe4+ 19. Qxe4 Nf6 20. Qd3 Rb8 21. g4 e5 22. dxe5 Qxg4 23. Rg3 Qxf4 24. exf6 Rxe1+ 25. Nxe1 Qxf2 26. Nc2 Qxf6 27. Nd4 Re8 28. a3 Qxh4 29. Ka2 Qe4 30. Qd2 Qd5+ 31. Kb1 g6 32. Qf4 Re1+ 33. Kc2 Qe4+ 34. Qxe4 Rxe4 35. Nc6 h5 36. b3 h4 37. Rh3 g5 38. a4 bxa4 39. bxa4 Rxa4 40. Kb3 Rf4 41. c4 Kh7 42. Nd8 Be7 43. Nc6 Bf6 44. Kb4 g4 45. Rh1 g3 46. Ka5 0-1


[Site "https://www.chess.com"]

[Event "Late Titled Tuesday Blitz February 8 2022"]
[White "Kanyamarala, Tarun"]
[Black "Triapishko, Alexandr"]
[WhiteFideId "45004714"]
[BlackFideId "14122286"]
[WhiteElo "2144"]
[BlackElo "2479"]
[Result "0-1"]
[Round "07"]
[TimeControl "180+1"]
[Date "2022.02.08"]
[WhiteClock "0:00:02"]
[BlackClock "0:00:05"]

1. d4 d6 2. e4 e5 3. Nf3 exd4 4. Qxd4 Nf6 5. Nc3 Nc6 6. Bb5 Bd7 7. Bxc6 Bxc6 8. Bg5 Be7 9. O-O-O O-O 10. Kb1 Nd7 11. Bxe7 Qxe7 12. Rhe1 Rfe8 13. Qe3 Qf6 14. Nd4 Nc5 15. f3 g6 16. g4 Ne6 17. Nxc6 bxc6 18. e5 Qxe5 19. Qxe5 dxe5 20. Rxe5 Kg7 21. Rde1 Red8 22. Kc1 c5 23. Ne4 Nd4 24. Nd2 Rd7 25. c3 Ne6 26. Nb3 Rd3 27. Nxc5 Nxc5 28. Rxc5 Rxf3 29. Rxc7 a5 30. Ree7 a4 31. Ra7 Rb8 32. Rab7 Rxb7 33. Rxb7 Rf1+ 34. Kc2 Rf2+ 35. Kd3 Rxh2 36. c4 Kf6 37. c5 Ke6 38. Ke4 a3 39. bxa3 Re2+ 40. Kf4 Rxa2 41. c6 Rxa3 42. c7 Rc3 43. Kg5 h5 44. gxh5 Rc5+ 45. Kg4 Rc4+ 46. Kg3 gxh5 47. Rb5 f5 48. Rb6+ Ke5 49. Rh6 Rc3+ 50. Kf2 Ke4 51. Rxh5 Rc2+ 52. Kg3 Rxc7 53. Rh4+ Ke3 54. Ra4 Rg7+ 55. Kh3 Rd7 56. Ra3+ Rd3 57. Ra5 Kf2+ 58. Kh2 f4 59. Ra2+ Kf3 60. Kg1 Rd1+ 61. Kh2 Re1 62. Ra3+ Re3 63. Ra7 Re2+ 64. Kg1 Re1+ 65. Kh2 Kf2 66. Ra2+ Re2 67. Ra7 f3 68. Ra6 Rb2 69. Kh3 Kf1 70. Ra1+ Kf2 71. Kh2 Rc2 72. Rb1 Ra2 73. Rc1 Ke2 74. Rh1 Ke3+ 75. Kg3 Rg2+ 76. Kh3 Rg8 77. Rb1 f2 78. Rb3+ Kd2 79. Rb2+ Ke3 80. Rb3+ Ke4 81. Rb1 Rg1 82. Rb4+ Ke5 83. Rb5+ Kd6 84. Rb6+ Kc7 85. Rb1 Rxb1 0-1


[Site "https://www.chess.com"]

[Event "Late Titled Tuesday Blitz February 8 2022"]
[White "Karas, Marek"]
[Black "Postnikov, Daniil"]
[WhiteFideId "14928558"]
[BlackFideId "4166329"]
[WhiteElo "2270"]
[BlackElo "2261"]
[Result "1-0"]
[Round "07"]
[TimeControl "180+1"]
[Date "2022.02.09"]
[WhiteClock "0:01:31"]
[BlackClock "0:00:39"]

1. d4 Nf6 2. Nf3 c5 3. d5 b5 4. c3 Qb6 5. a4 bxa4 6. Nbd2 Ba6 7. e4 Bxf1 8. Kxf1 e6 9. Qxa4 Qb7 10. c4 exd5 11. exd5 Bd6 12. g3 O-O 13. Kg2 a5 14. b3 Na6 15. Bb2 Nb4 16. Bxf6 gxf6 17. Ne4 Be7 18. Rae1 f5 19. Neg5 Bf6 20. Nh3 d6 21. Nf4 Nd3 22. Nxd3 1-0


[Site "https://www.chess.com"]

[Event "Late Titled Tuesday Blitz February 8 2022"]
[White "Karttunen, Mika"]
[Black "Golubenko, Valentina"]
[WhiteFideId "502081"]
[BlackFideId "4501993"]
[WhiteElo "2343"]
[BlackElo "2164"]
[Result "1-0"]
[Round "07"]
[TimeControl "180+1"]
[Date "2022.02.09"]
[WhiteClock "0:00:21"]
[BlackClock "0:00:09"]

1. e4 e6 2. d4 d5 3. Nc3 c5 4. exd5 exd5 5. Bb5+ Bd7 6. Bxd7+ Qxd7 7. Nf3 Nf6 8. O-O Be7 9. Ne5 Qd8 10. dxc5 O-O 11. Be3 Na6 12. c6 Qc7 13. cxb7 Qxb7 14. Bd4 Nc7 15. Ne2 Ne6 16. b3 Rac8 17. Bb2 Ne4 18. Nf3 Rfd8 19. Ned4 Nxd4 20. Nxd4 Bf6 21. Qd3 Qc7 22. Rac1 Be5 23. g3 Qe7 24. c4 Bxd4 25. Qxd4 Nf6 26. cxd5 Rxc1 27. Rxc1 Qd7 28. d6 h6 29. Rd1 Qe6 30. h4 Ne8 31. Ba3 Rd7 32. Qe3 Qxe3 33. fxe3 f6 34. Kf2 Kf7 35. Kf3 Ke6 36. Ke4 Nxd6+ 37. Rxd6+ Rxd6 38. Bxd6 Kxd6 39. Kf5 Kd5 40. Kg6 Ke4 41. Kxg7 Kf3 42. Kxf6 Kxg3 43. e4 Kxh4 44. e5 h5 45. e6 Kg3 46. e7 h4 47. e8=Q h3 48. Qe3+ Kg2 49. Qe2+ Kg3 50. Qf1 h2 51. Qh1 Kh3 52. Ke5 Kg3 53. Ke4 a5 54. Ke3 Kh3 55. Kf3 a4 56. bxa4 Kh4 57. Kf4 Kh3 58. a5 1-0


[Site "https://www.chess.com"]

[Event "Late Titled Tuesday Blitz February 8 2022"]
[White "Kim, Sergey"]
[Black "Dobre, Claudiu-Cristian"]
[WhiteFideId "13700570"]
[BlackFideId "1211854"]
[WhiteElo "2615"]
[BlackElo "2207"]
[Result "1-0"]
[Round "07"]
[TimeControl "180+1"]
[Date "2022.02.09"]
[WhiteClock "0:00:43"]
[BlackClock "0:00:12"]

1. d4 d5 2. c4 c6 3. Nf3 Nf6 4. Qc2 dxc4 5. Qxc4 Bf5 6. e3 e6 7. Bd3 Bxd3 8. Qxd3 Nbd7 9. O-O Bd6 10. Nc3 O-O 11. e4 e5 12. Bg5 h6 13. Bh4 exd4 14. Qxd4 Bc5 15. Qc4 Qe7 16. Rad1 Rfe8 17. Rxd7 Qxd7 18. Qxc5 Nxe4 19. Nxe4 Rxe4 20. Bg3 Rd8 21. Qxa7 Re2 22. Qb6 Rde8 23. h3 R8e7 24. a4 Qd5 25. a5 Qa2 26. Nd4 Re1 27. Rxe1 Rxe1+ 28. Kh2 Qd5 29. Nf3 Re7 30. Qb4 Rd7 31. Qc3 f6 32. Nh4 g5 33. Nf3 Kf7 34. Qc2 Kg7 35. Qc3 Re7 36. Nd4 Re4 37. Nf3 Rc4 38. Qe3 Rb4 39. Qe7+ 1-0


[Site "https://www.chess.com"]

[Event "Late Titled Tuesday Blitz February 8 2022"]
[White "Kouskoutis, Georgios-Alexandros"]
[Black "Melaugh, Shane"]
[WhiteFideId "4234049"]
[BlackFideId "2509580"]
[WhiteElo "2130"]
[BlackElo "2000"]
[Result "1-0"]
[Round "07"]
[TimeControl "180+1"]
[Date "2022.02.09"]
[WhiteClock "0:00:03"]
[BlackClock "0:00:03"]

1. c4 e5 2. g3 Nc6 3. Bg2 f5 4. Nc3 Nf6 5. e3 Be7 6. Nge2 O-O 7. O-O Qe8 8. d4 d6 9. Nd5 Bd8 10. dxe5 dxe5 11. b3 Be6 12. Ba3 Rf7 13. Nec3 Rd7 14. Qc2 Qh5 15. Rad1 e4 16. Nf4 Qf7 17. Nxe6 Qxe6 18. Rxd7 Qxd7 19. Rd1 Qe6 20. Nd5 Ne5 21. Bb2 c6 22. Nf4 Qe8 23. c5 g5 24. Bxe5 Qxe5 25. Qc4+ Kh8 26. Ne6 Be7 27. Nxg5 Kg7 28. Qf7+ Kh6 29. Ne6 Ng8 30. h4 Qf6 31. Qxf6+ Nxf6 32. b4 Re8 33. Bh3 Kg6 34. Nf4+ Kf7 35. Bxf5 Bf8 36. a3 Re5 37. Bh3 Nd5 38. Nxd5 cxd5 39. Bc8 b6 40. c6 Bd6 41. Bb7 Ke7 42. c7 Bxc7 43. Rxd5 1-0


[Site "https://www.chess.com"]

[Event "Late Titled Tuesday Blitz February 8 2022"]
[White "Kravtsiv, Martyn"]
[Black "Martinez Alcantara, Jose Eduardo"]
[WhiteFideId "14113147"]
[BlackFideId "3805662"]
[WhiteElo "2694"]
[BlackElo "2690"]
[Result "1-0"]
[Round "07"]
[TimeControl "180+1"]
[Date "2022.02.08"]
[WhiteClock "0:00:54"]
[BlackClock "0:00:07"]

1. e4 c5 2. Nf3 d6 3. Bb5+ Nd7 4. d4 cxd4 5. Qxd4 a6 6. Bxd7+ Bxd7 7. O-O Rc8 8. c4 Nf6 9. Bg5 e6 10. Nbd2 h6 11. Bxf6 gxf6 12. Rad1 Rg8 13. Kh1 Be7 14. Qe3 h5 15. a3 Qa5 16. b4 Qc7 17. Qh6 b5 18. Rc1 Qb7 19. cxb5 Bxb5 20. Rfe1 Rxc1 21. Rxc1 Kd7 22. Qxh5 Rc8 23. Rxc8 Qxc8 24. h4 Qc1+ 25. Kh2 Qxa3 26. Qxf7 Qxb4 27. h5 d5 28. h6 dxe4 29. h7 exf3 30. h8=Q Qd6+ 31. g3 Kc7 32. Nxf3 Qc5 33. Nd4 Bd7 34. Qh4 e5 35. Qe4 a5 36. Kg1 Kd8 37. Ne6+ Bxe6 38. Qxe6 a4 39. Q4d5+ 1-0


[Site "https://www.chess.com"]

[Event "Late Titled Tuesday Blitz February 8 2022"]
[White "Kukula, Pawel"]
[Black "Zhurbinsky, David"]
[WhiteFideId "1115081"]
[BlackFideId "2072904"]
[WhiteElo "2203"]
[BlackElo "2559"]
[Result "0-1"]
[Round "07"]
[TimeControl "180+1"]
[Date "2022.02.09"]
[WhiteClock "0:00:14"]
[BlackClock "0:00:31"]

1. d4 Nf6 2. Nf3 e6 3. Nbd2 d5 4. e3 c5 5. Bd3 Nc6 6. c3 Bd6 7. O-O O-O 8. dxc5 Bxc5 9. e4 e5 10. Qc2 Be6 11. b4 Bb6 12. b5 dxe4 13. Nxe4 Na5 14. Nxe5 Nxe4 15. Bxe4 f5 16. Bf3 Rc8 17. Rd1 Qf6 18. Qe2 Rfe8 19. Bd5 Rc5 20. Nd7 Qf7 21. Nxc5 Bxd5 22. Qd2 Bxc5 23. Bb2 Be4 24. Qd7 Qg6 25. g3 Nc4 26. Bc1 Ne5 27. Qd2 Nf3+ 0-1


[Site "https://www.chess.com"]

[Event "Late Titled Tuesday Blitz February 8 2022"]
[White "Ladan, Nicholas"]
[Black "Aaditya Dhingra"]
[WhiteFideId "30918855"]
[BlackFideId "25678191"]
[WhiteElo "2294"]
[BlackElo "1789"]
[Result "1-0"]
[Round "07"]
[TimeControl "180+1"]
[Date "2022.02.09"]
[WhiteClock "0:00:08"]
[BlackClock "0:00:01"]

1. d4 d5 2. c4 e6 3. Nf3 Nf6 4. g3 dxc4 5. Bg2 a6 6. a4 Nc6 7. O-O Bd7 8. Na3 b5 9. Bg5 Rb8 10. Ne5 Nxe5 11. dxe5 h6 12. Be3 Nd5 13. Bxd5 exd5 14. Qxd5 Be6 15. Qxd8+ Kxd8 16. Rfd1+ Kc8 17. axb5 axb5 18. Nb1 b4 19. Nd2 Be7 20. Rdc1 c3 21. bxc3 b3 22. Rcb1 Rd8 23. c4 Bc5 24. Nxb3 Bxe3 25. fxe3 Bxc4 26. Nd4 Rxb1+ 27. Rxb1 Re8 28. Rc1 Bd5 29. Rc5 Bb7 30. Kf2 Kd7 31. g4 Be4 32. Kg3 c6 33. Kf4 Bd5 34. Nf5 g6 35. Nxh6 Ra8 36. Kg5 Ke7 37. Rc3 Ra2 38. h4 Rxe2 39. h5 gxh5 40. Kxh5 Rh2+ 41. Kg5 Kd7 42. Nf5 Rg2 43. Nd4 Be6 44. Nxe6 Kxe6 45. Rxc6+ Kxe5 46. Rc7 f6+ 47. Kh5 Rh2+ 48. Kg6 Rg2 49. Rc4 Kd5 50. Rf4 Ke5 51. Rf5+ Ke4 52. Rf4+ Kxe3 53. Ra4 Kf3 54. Kf5 Rc2 55. Ra3+ 1-0


[Site "https://www.chess.com"]

[Event "Late Titled Tuesday Blitz February 8 2022"]
[White "Laith, Kasib"]
[Black "Pavlidou, Ekaterini"]
[WhiteFideId "4801059"]
[BlackFideId "4213262"]
[WhiteElo "1982"]
[BlackElo "2127"]
[Result "0-1"]
[Round "07"]
[TimeControl "180+1"]
[Date "2022.02.09"]
[WhiteClock "0:00:02"]
[BlackClock "0:01:07"]

1. Nf3 Nf6 2. g3 g6 3. Bg2 Bg7 4. O-O d6 5. d3 e5 6. e4 h5 7. c3 Bg4 8. Bg5 Qd7 9. Nbd2 Nc6 10. Qb3 O-O-O 11. d4 h4 12. Bxh4 exd4 13. cxd4 Rxh4 14. Nxh4 Nxd4 15. Qa3 Kb8 16. f3 g5 17. Nf5 Bxf5 18. exf5 Qxf5 19. Ne4 Nxe4 20. fxe4 Qc5 21. Kh1 Qe5 22. Rxf7 Rh8 23. Qc3 c6 24. Rd1 Ne2 25. Qxe5 Bxe5 26. Bf3 Bxg3 27. Bxe2 Rxh2+ 28. Kg1 Rxe2 29. Rdf1 Bf4 30. Rh7 Rxb2 31. Rh3 Rxa2 32. Rb3 b5 33. Rfb1 a5 34. Kf1 a4 35. Rh3 Kb7 36. Rh7+ Kb6 37. Rh8 Rc2 38. Rh7 a3 39. Ke1 a2 0-1


[Site "https://www.chess.com"]

[Event "Late Titled Tuesday Blitz February 8 2022"]
[White "Li, Hui"]
[Black "Papp, Petra"]
[WhiteFideId "15400310"]
[BlackFideId "739049"]
[WhiteElo "1954"]
[BlackElo "2259"]
[Result "0-1"]
[Round "07"]
[TimeControl "180+1"]
[Date "2022.02.09"]
[WhiteClock "0:00:01"]
[BlackClock "0:00:41"]

1. e4 d6 2. d4 Nf6 3. Nc3 e5 4. Nf3 Nbd7 5. Bc4 Be7 6. O-O O-O 7. Re1 a6 8. a4 b6 9. Bf1 Bb7 10. d5 a5 11. g3 Kh8 12. Nh4 g6 13. Bh6 Rg8 14. Bg2 Nc5 15. Bg5 Nh5 16. Bxe7 Qxe7 17. Nf5 Qf6 18. Nh6 Rg7 19. Ng4 Qe7 20. Ne3 Rf8 21. Nf5 gxf5 22. Qxh5 fxe4 23. Nxe4 f5 24. Nxc5 bxc5 25. f4 e4 26. c4 Qf6 27. b3 Rg6 28. Qe2 Rfg8 29. Rab1 Rh6 30. Qb2 Qxb2 31. Rxb2 Kg7 32. h4 Kf6 33. Re3 Rhg6 34. Kf2 Ke7 35. Bf1 c6 36. dxc6 Bxc6 37. Be2 d5 38. cxd5 Bxd5 39. Bc4 Rd6 40. Rc2 Rgd8 41. Bxd5 Rxd5 42. Rec3 Kd6 43. Re3 Kc6 44. Ke2 Rd3 45. Kf2 Rxe3 46. Kxe3 Rd3+ 47. Kf2 Rxb3 48. Rd2 Rf3+ 49. Kg2 Rd3 50. Rb2 c4 51. Rb8 c3 52. Rc8+ Kd5 53. Kf2 Kd4 54. Ke2 Rd2+ 55. Ke1 Kd3 56. Rd8+ Ke3 57. Rc8 c2 58. Rc3+ Rd3 59. Rxc2 Ra3 60. Kf1 Kf3 0-1


[Site "https://www.chess.com"]

[Event "Late Titled Tuesday Blitz February 8 2022"]
[White "Lin, Dachey"]
[Black "Mogranzini, Roberto"]
[WhiteFideId "2029650"]
[BlackFideId "810894"]
[WhiteElo "2731"]
[BlackElo "2469"]
[Result "1-0"]
[Round "07"]
[TimeControl "180+1"]
[Date "2022.02.09"]
[WhiteClock "0:00:50"]
[BlackClock "0:00:16"]

1. g4 d5 2. Bg2 c6 3. g5 g6 4. d4 h5 5. h4 Bg7 6. e4 dxe4 7. Be3 e5 8. Ne2 Bg4 9. Nbc3 exd4 10. Bxd4 Bxd4 11. Qxd4 Qxd4 12. Nxd4 Na6 13. Nxe4 O-O-O 14. c3 Ne7 15. Nf6 Nc5 16. O-O Nd3 17. Rab1 Nf4 18. Rfe1 Ned5 19. Bxd5 Nxd5 20. Nxd5 Rxd5 21. b4 Rf8 22. Re7 Rd7 23. Rbe1 f6 24. Re8+ Rd8 25. Rxf8 Rxf8 26. Re7 fxg5 27. hxg5 Bf5 28. Rg7 Bb1 29. a4 Rf4 30. f3 h4 31. Kg2 a5 32. bxa5 c5 33. Nb5 Rxa4 34. Nd6+ Kb8 35. Rxb7+ Ka8 36. Rxb1 1-0


[Site "https://www.chess.com"]

[Event "Late Titled Tuesday Blitz February 8 2022"]
[White "Makarian, Rudik"]
[Black "Gomez Ledo, Roberto Carlos"]
[WhiteFideId "44105681"]
[BlackFideId "3507076"]
[WhiteElo "2486"]
[BlackElo "2379"]
[Result "1-0"]
[Round "07"]
[TimeControl "180+1"]
[Date "2022.02.08"]
[WhiteClock "0:00:26"]
[BlackClock "0:00:05"]

1. e4 e5 2. Nf3 Nc6 3. Bb5 a6 4. Ba4 Nf6 5. d3 d6 6. h3 g6 7. Nc3 Bg7 8. O-O O-O 9. Bg5 h6 10. Bxf6 Bxf6 11. Nd5 Bg7 12. c3 f5 13. b4 f4 14. c4 g5 15. b5 Ne7 16. Nh2 axb5 17. Nxe7+ Qxe7 18. cxb5 Kh8 19. Bb3 Qe8 20. Rc1 c5 21. bxc6 bxc6 22. Rb1 c5 23. Bd5 Ra7 24. f3 h5 25. Rb6 Qg6 26. Kf2 Rd8 27. Qb3 Bf8 28. Rb8 Be7 29. Bf7 Qh6 30. Rh1 Kg7 31. Nf1 Bf6 32. Bd5 Qg6 33. Nd2 g4 34. hxg4 hxg4 35. Qb6 Ra3 36. Rxc8 gxf3 37. Qc7+ Kf8 38. Rxd8+ 1-0


[Site "https://www.chess.com"]

[Event "Late Titled Tuesday Blitz February 8 2022"]
[White "Maksimovic, Bojan"]
[Black "Wu, Christopher"]
[WhiteFideId "14408120"]
[BlackFideId "2040875"]
[WhiteElo "2450"]
[BlackElo "2668"]
[Result "1-0"]
[Round "07"]
[TimeControl "180+1"]
[Date "2022.02.08"]
[WhiteClock "0:00:06"]
[BlackClock "0:00:19"]

1. Nf3 c5 2. b3 Nc6 3. Bb2 d6 4. d4 cxd4 5. Nxd4 Nf6 6. c4 e6 7. g3 Be7 8. Bg2 Bd7 9. O-O O-O 10. Nc3 a6 11. Qd2 Rc8 12. Rad1 Nxd4 13. Qxd4 Bc6 14. e4 Qa5 15. Rfe1 Rfd8 16. h3 b5 17. cxb5 axb5 18. b4 Qa8 19. a3 Qb7 20. Bf1 Bf8 21. Qd3 Rb8 22. Qe3 Nd7 23. a4 Nb6 24. axb5 Be8 25. Ra1 d5 26. exd5 Nxd5 27. Nxd5 Qxd5 28. Be5 Bxb4 29. Red1 Qxd1 30. Rxd1 Rxd1 31. Bxb8 Bxb5 32. Qb6 Bxf1 33. Qxb4 Bxh3+ 34. Kh2 Bf5 35. g4 Bg6 36. Be5 h6 37. Qb8+ Kh7 38. Qf8 f6 39. Bxf6 gxf6 40. Qe7+ Kg8 41. Qxf6 Bf7 42. Qxh6 Rd5 43. Kg3 Ra5 44. f3 Ra3 45. Qg5+ Kh7 46. Qf6 Kg8 47. Qd8+ Kh7 48. Qe7 1-0


[Site "https://www.chess.com"]

[Event "Late Titled Tuesday Blitz February 8 2022"]
[White "Mamedyarov, Shakhriyar"]
[Black "Li, Ben"]
[WhiteFideId "13401319"]
[BlackFideId "2089980"]
[WhiteElo "2769"]
[BlackElo "2267"]
[Result "1-0"]
[Round "07"]
[TimeControl "180+1"]
[Date "2022.02.08"]
[WhiteClock "0:01:18"]
[BlackClock "0:00:13"]

1. e4 e5 2. Nc3 Nc6 3. f4 exf4 4. d4 Qh4+ 5. Ke2 b6 6. a4 Ba6+ 7. Nb5 O-O-O 8. Nf3 Qe7 9. Kf2 g5 10. Nxa7+ Nxa7 11. Bxa6+ Kb8 12. a5 Nf6 13. Re1 Nxe4+ 14. Kg1 d5 15. axb6 cxb6 16. c4 Qd7 17. Nxg5 Nxg5 18. Bxf4+ Bd6 19. Bxg5 Rdg8 20. h4 h6 21. Qb3 Bc7 22. Re7 Qc6 23. Rxc7 Kxc7 24. Bf4+ Kd8 25. cxd5 Qg6 26. Bf1 Nc8 27. Ra8 Ke7 28. d6+ Nxd6 29. Ra7+ Kf8 30. Bxd6+ Kg7 31. Be5+ Kh7 32. Rxf7+ 1-0


[Site "https://www.chess.com"]

[Event "Late Titled Tuesday Blitz February 8 2022"]
[White "Marcziter, Dmitrii"]
[Black "Stoleriu, George"]
[WhiteFideId "13900765"]
[BlackFideId "1227505"]
[WhiteElo "2155"]
[BlackElo "2203"]
[Result "0-1"]
[Round "07"]
[TimeControl "180+1"]
[Date "2022.02.09"]
[WhiteClock "0:00:15"]
[BlackClock "0:01:02"]

1. e4 d5 2. Nc3 c6 3. exd5 cxd5 4. d4 Nc6 5. Nf3 Bg4 6. Be2 Nf6 7. h3 Bh5 8. O-O e6 9. Be3 Bd6 10. Nb5 Bb8 11. Re1 a6 12. Nc3 Qc7 13. g3 O-O 14. Bf4 Qa5 15. Bxb8 Raxb8 16. Ne5 Bxe2 17. Rxe2 Rfc8 18. g4 Qb4 19. Nxc6 bxc6 20. Rb1 c5 21. dxc5 Rxc5 22. a3 Qc4 23. Re1 h6 24. Qf3 Rc7 25. Qg3 Rcb7 26. b3 Qc5 27. b4 Qc4 28. Qd3 Rc8 29. Rb3 Rbc7 30. Na4 Qxc2 31. Qxc2 Rxc2 32. Nc5 a5 33. Nd3 R8c3 34. Reb1 a4 35. Rxc3 Rxc3 36. Nc5 Ne4 37. Nxa4 Rxa3 38. Nc5 Nxc5 39. bxc5 Rc3 40. Rb5 Rxh3 41. Rb8+ Kh7 42. Rb7 Kg6 43. c6 Rc3 44. c7 Kg5 45. c8=Q Rxc8 46. Rxf7 g6 47. Re7 Rc6 48. Rg7 e5 49. Kg2 Kxg4 50. Rd7 d4 51. f3+ Kf4 52. Rd5 Rc2+ 53. Kh3 Rf2 54. Rd8 Rxf3+ 55. Kh4 g5+ 56. Kh5 Rh3+ 57. Kg6 g4 58. Rf8+ Ke4 59. Rf1 g3 60. Rh1 Rxh1 0-1


[Site "https://www.chess.com"]

[Event "Late Titled Tuesday Blitz February 8 2022"]
[White "Medeiros Jr, Francisco De Assis"]
[Black "Lopez Perdomo, Juan David"]
[WhiteFideId "2114267"]
[BlackFideId "4405137"]
[WhiteElo "1998"]
[BlackElo "1997"]
[Result "1-0"]
[Round "07"]
[TimeControl "180+1"]
[Date "2022.02.09"]
[WhiteClock "0:02:30"]
[BlackClock "0:02:18"]

1. d4 c5 2. c3 e6 3. Nf3 d5 4. Bf4 Nf6 5. e3 Be7 6. Nbd2 O-O 7. Bd3 b6 8. Ne5 Bb7 9. O-O Nbd7 10. Qf3 Re8 11. Qh3 Nf8 12. Ndf3 Ng6 13. Nxf7 Nxf4 14. exf4 Qd7 15. N7e5 Qc8 16. Ng5 Bf8 17. Bxh7+ Kh8 18. Bg6+ Kg8 19. Bf7# 1-0


[Site "https://www.chess.com"]

[Event "Late Titled Tuesday Blitz February 8 2022"]
[White "Mekhitarian, Krikor Sevag"]
[Black "Michelakos, Panagiotis"]
[WhiteFideId "2107660"]
[BlackFideId "4216067"]
[WhiteElo "2598"]
[BlackElo "2140"]
[Result "0-1"]
[Round "07"]
[TimeControl "180+1"]
[Date "2022.02.08"]
[WhiteClock "0:00:16"]
[BlackClock "0:00:27"]

1. e4 c5 2. Nf3 g6 3. h4 h5 4. Bc4 Bg7 5. Nc3 Nc6 6. d3 d6 7. Ng5 e6 8. a3 Nf6 9. Ba2 O-O 10. Bf4 Nd4 11. f3 b5 12. Be3 a5 13. g4 b4 14. Ne2 bxa3 15. Nxd4 axb2 16. Rb1 cxd4 17. Bxd4 Qc7 18. Bxb2 hxg4 19. fxg4 Rb8 20. Ba1 Rxb1 21. Bxb1 Qc5 22. Qf3 e5 23. Ba2 Bxg4 24. Qf2 Qa3 25. O-O Qxa2 26. Bc3 Rc8 27. Qd2 Qa4 28. Ra1 Qc6 29. Ra3 Qc5+ 0-1


[Site "https://www.chess.com"]

[Event "Late Titled Tuesday Blitz February 8 2022"]
[White "Migot, Tangi"]
[Black "Quirke, Jeffrey"]
[WhiteFideId "662445"]
[BlackFideId "2013029"]
[WhiteElo "2541"]
[BlackElo "2271"]
[Result "1-0"]
[Round "07"]
[TimeControl "180+1"]
[Date "2022.02.09"]
[WhiteClock "0:00:16"]
[BlackClock "0:00:04"]

1. Nf3 d5 2. c3 e6 3. g3 Nf6 4. Bg2 Bd6 5. O-O b6 6. d3 Bb7 7. a4 a6 8. Nbd2 O-O 9. Qc2 c5 10. e4 Nc6 11. Re1 Qc7 12. exd5 Nxd5 13. Nc4 Be7 14. h4 h6 15. h5 Rad8 16. Ne3 Nxe3 17. Bxe3 Bf6 18. Rad1 Rd7 19. Nd2 Ne5 20. Ne4 Be7 21. d4 Ng4 22. dxc5 Nxe3 23. cxb6 Nxc2 24. bxc7 Rxc7 25. Re2 Na3 26. bxa3 Bxe4 27. Rxe4 Rxc3 28. Bf1 Ra8 29. Rd7 Bf6 30. Rd6 Rxa3 31. Rxa6 Rxa6 32. Bxa6 Kf8 33. Bb5 Ke7 34. Rc4 Be5 35. Rc8 Kf6 36. Rd8 g6 37. hxg6 Kxg6 38. Rg8+ Kf6 39. Rg4 Ke7 40. Rh4 Bg7 41. Rc4 Ra2 42. Kg2 f5 43. Rc7+ Kf6 44. Ra7 Bf8 45. Rc7 Bb4 46. Kf1 Ra3 47. Rc4 Bd6 48. Rh4 Bf8 49. Rc4 Ke5 50. Rc6 1-0


[Site "https://www.chess.com"]

[Event "Late Titled Tuesday Blitz February 8 2022"]
[White "Mikhalsky, Vladimir"]
[Black "Burke, Paul"]
[WhiteFideId "14144352"]
[BlackFideId "2605767"]
[WhiteElo "2248"]
[BlackElo "1836"]
[Result "1-0"]
[Round "07"]
[TimeControl "180+1"]
[Date "2022.02.09"]
[WhiteClock "0:00:20"]
[BlackClock "0:00:08"]

1. e4 e5 2. Nf3 Nc6 3. Bb5 f5 4. Bxc6 dxc6 5. Nxe5 Nf6 6. exf5 Bxf5 7. O-O Be7 8. b3 O-O 9. Bb2 Bd6 10. d3 Re8 11. Re1 Bxe5 12. Rxe5 Rxe5 13. Bxe5 Ng4 14. Bg3 Qf6 15. Nd2 Nh6 16. Ne4 Qg6 17. f3 Rf8 18. Qd2 Qf7 19. Re1 Qd5 20. Nc3 Qa5 21. Re7 Rf7 22. Re8+ Rf8 23. Re5 Qb6+ 24. Bf2 Qa6 25. Na4 b5 26. Nc5 Qxa2 27. Qc3 b4 28. Qc4+ Kh8 29. Re7 Qa1+ 30. Re1 Qf6 31. Bd4 Qd6 32. Qxb4 a5 33. Qc3 Qd8 34. Nb7 Qg5 35. Nxa5 Kg8 36. Kh1 Bc8 37. Nxc6 Nf5 38. Bf2 Qh5 39. Ne7+ Kh8 40. Nxf5 Qxf5 41. Re7 Qf6 42. Qxf6 gxf6 43. Rxc7 1-0


[Site "https://www.chess.com"]

[Event "Late Titled Tuesday Blitz February 8 2022"]
[White "Milosevic, Milos"]
[Black "Erdogdu, Mert"]
[WhiteFideId "964875"]
[BlackFideId "6301495"]
[WhiteElo "2198"]
[BlackElo "2485"]
[Result "0-1"]
[Round "07"]
[TimeControl "180+1"]
[Date "2022.02.09"]
[WhiteClock "0:01:51"]
[BlackClock "0:00:32"]

1. b4 d5 2. Bb2 Qd6 3. a3 e5 4. e3 Nf6 5. Nf3 Nbd7 6. Nd4 exd4 7. Bxd4 c6 8. Bb2 Be7 9. d4 O-O 10. Bd3 a5 11. c3 axb4 12. cxb4 b6 13. Qe2 c5 14. dxc5 bxc5 15. b5 Ne5 16. Bc2 Bg4 17. f3 Bd7 18. g4 c4 19. g5 Nd3+ 20. Bxd3 cxd3 21. Qxd3 Nh5 22. f4 Rfe8 23. O-O Bf8 24. Nc3 Qc5 25. Nxd5 Bxb5 26. Qf5 Bc4 27. Rfd1 Rad8 28. Qg4 Rxd5 29. Qxh5 Qxe3+ 30. Kh1 Rxd1+ 31. Rxd1 Be2 32. g6 Bf3+ 33. Qxf3 Qxf3+ 34. Kg1 Qxd1+ 35. Kg2 Qc2+ 36. Kg3 Qxb2 37. Kg4 hxg6 0-1


[Site "https://www.chess.com"]

[Event "Late Titled Tuesday Blitz February 8 2022"]
[White "Mirza, Diana"]
[Black "Chabris, Christopher"]
[WhiteFideId "2503999"]
[BlackFideId "2005263"]
[WhiteElo "1813"]
[BlackElo "2285"]
[Result "0-1"]
[Round "07"]
[TimeControl "180+1"]
[Date "2022.02.09"]
[WhiteClock "0:00:08"]
[BlackClock "0:00:21"]

1. d4 d5 2. Nf3 Nf6 3. e3 e6 4. Bd3 c5 5. b3 Nc6 6. a3 Bd6 7. Bb2 b6 8. Ne5 Qc7 9. f4 Bb7 10. Nd2 a6 11. O-O Ne7 12. Ndf3 h6 13. Qe2 Ne4 14. Bxe4 dxe4 15. Nd2 b5 16. Qh5 g6 17. Qh4 cxd4 18. Bxd4 Nf5 19. Qf6 Rg8 20. c4 Qe7 21. Qxe7+ Bxe7 22. cxb5 Nxd4 23. exd4 axb5 24. a4 b4 25. Ndc4 h5 26. Rac1 f6 27. Nb6 fxe5 28. Nxa8 Bxa8 29. dxe5 Kf7 30. Rc7 Bd5 0-1


[Site "https://www.chess.com"]

[Event "Late Titled Tuesday Blitz February 8 2022"]
[White "Miszler, Levente"]
[Black "Estrada Nieto, Julian"]
[WhiteFideId "763276"]
[BlackFideId "5101018"]
[WhiteElo "1966"]
[BlackElo "2246"]
[Result "0-1"]
[Round "07"]
[TimeControl "180+1"]
[Date "2022.02.09"]
[WhiteClock "0:01:37"]
[BlackClock "0:01:09"]

1. d4 d5 2. Nf3 Nf6 3. c4 dxc4 4. e3 e6 5. Bxc4 c5 6. O-O a6 7. b3 b6 8. Bb2 Bb7 9. Nbd2 Nbd7 10. Be2 Be7 11. Rc1 O-O 12. Qc2 Rc8 13. Qb1 cxd4 14. Nxd4 Bb4 15. Rfd1 Qe7 16. Bf3 Ne5 17. Bxb7 Qxb7 18. N2f3 Nxf3+ 19. Nxf3 h6 20. Bxf6 gxf6 21. Qb2 Be7 22. Qd4 Rxc1 23. Rxc1 Rd8 24. Qh4 Kg7 25. h3 f5 26. Qg3+ Kh7 27. Rc7 Rd1+ 28. Kh2 Qxc7 29. Qxc7 Bd6+ 30. Qxd6 Rxd6 31. Ne5 Rd2 32. Nc4 Rxf2 33. Nxb6 Rxa2 34. Na4 Re2 35. Nc5 Rxe3 36. b4 Ra3 0-1


[Site "https://www.chess.com"]